 Dungeon Crawl Stone Soup version 0.30.0-17-ge0270778cf (webtiles) character file.

Game seed: 17101624751678231240

52 sampeng1 the Trooper (level 4, -2/35 HPs)
             Began as a Human Cinder Acolyte on May 23, 2023.
             Was a High Priest of Ignis.
             Slain by a worm (4 damage)
             ... on level 2 of the Dungeon.
             The game lasted 00:05:21 (1401 turns).

sampeng1 the Trooper (Human Cinder Acolyte)         Turns: 1401, Time: 00:05:22

Health: -2/35      AC:  2    Str: 14    XL:     4   Next: 8%
Magic:  1/6        EV: 10    Int: 16    God:    Ignis [*****.]
Gold:   8          SH:  2    Dex:  9    Spells: 4/6 levels left

rFire   + . .        a - -1 hand axe (flame)
rCold   . . .        f - +0 buckler
rNeg    . . .        b - +0 robe
rPois   .            (no helmet)
rElec   .            (no cloak)
rCorr   .            (no gloves)
SInv    .            (no boots)
Will    .....        (no amulet)
Stlth   +            (no ring)
HPRegen 0.25/turn    (no ring)
MPRegen 0.10/turn

%: no passive effects
@: attractive
A: no striking features
a: Renounce Religion, Fiery Armour, Foxfire Swarm, Rising Flame


You were on level 2 of the Dungeon.
You worshipped Ignis.
Ignis was extremely pleased with you.
You visited 1 branch of the dungeon, and saw 2 of its levels.

You collected 8 gold pieces.

Inventory:

Hand Weapons
 a - a -1 hand axe of flaming (weapon)
Missiles
 d - 21 stones
 i - 5 boomerangs (quivered)
Armour
 b - a +0 robe (worn)
 f - a +0 buckler (worn)
Scrolls
 c - a scroll of immolation {unknown}
Potions
 g - a potion of degeneration {unknown}


   Skills:
 + Level 3.5 Fighting
 + Level 3.4 Axes
 + Level 1.7 Spellcasting
 + Level 3.4 Fire Magic


You had 4 spell levels left.
You knew the following spells:

 Your Spells              Type           Power      Damage    Failure   Level
a - Scorch                Fire           24%        2d6       11%         2

Your spell library contained the following spells:

 Spells                   Type           Power      Damage    Failure   Level


Dungeon Overview and Level Annotations

Branches:
Dungeon (2/15)

Altars:

Shops:
D:1 [


Message History

You closely miss the adder.
The adder is almost dead.
The adder bites you.
You hit the adder. You burn the adder.
You kill the adder!
The jackal bites you.
You have reached level 4!
You feel agile.
You hit the jackal but do no damage. The jackal bites you.
You slash the jackal! You burn the jackal.
You kill the jackal!
An endoplasm comes into view.
The endoplasm quivers.
The worm barely misses you.
You see here a jackal corpse.
You slash the worm! You burn the worm.
The worm is heavily wounded.
The worm closely misses you.
You slash the worm! You burn the worm.
The worm is almost dead.
The worm closely misses you.
You hit the worm but do no damage.
The worm is almost dead.
You barely miss the worm.
The worm is almost dead.
The worm bites you.
You barely miss the worm.
The worm is severely wounded.
The worm bites you!
* * * LOW HITPOINT WARNING * * *
It was a potion of attraction.
You feel attractive to monsters.
Throw: 5 boomerangs
Press: ? - help, Q - select action, (/) - cycle Shift-Dir - straight line, f - worm
Aim: a worm (severely wounded, 75% to hit)
You throw a boomerang. The boomerang barely misses the worm.
The boomerang hits the endoplasm.
The endoplasm is heavily wounded.
The worm bites you.
You die...

................####.#
.....†...........†...#
#..........#..#####..#####
#..w.......#. #.........#
#..........#.##.........#
#..........#....[.......#
#........†.####.........#
#..........####.........#
...........Jw@...........#
#..#......######.........#
##.....#### #.........#
.####. ########### ##


You could see a worm and an endoplasm.

Vanquished Creatures
  A gnoll (D:1)
  An adder (D:2)
  A worm (D:2)
  A dart slug (D:1)
  3 ball pythons
  2 endoplasms (D:1)
  2 giant cockroaches (D:1)
  3 goblins (D:1)
  A hobgoblin (D:2)
  2 jackals (D:2)
  A quokka (D:1)
  4 bats
  4 frilled lizards
  A kobold (D:1)
  A rat (D:1)
28 creatures vanquished.

Notes
Turn   | Place    | Note
-------+----------+-------------------------------------------
     0 | D:1      | sampeng1 the Human Cinder Acolyte began the quest for the
                  | Orb.
     0 | D:1      | Reached XP level 1. HP: 18/18 MP: 2/2
   265 | D:1      | Reached XP level 2. HP: 20/24 MP: 3/3
   294 | D:1      | Learned a level 2 spell: Scorch
   443 | D:1      | Reached XP level 3. HP: 13/29 MP: 2/5
   683 | D:1      | Found Othesmomm's Armour Shop.
  1392 | D:2      | Reached XP level 4. HP: 15/35 MP: 0/6
  1399 | D:2      | HP: 1/35 [worm (11)]
  1401 | D:2      | Slain by a worm

Illustrated notes

Levels and vault maps discovered:
D:1:      eino_arrival_water_cross, layout_loops_ring, serial_shops,
          nicolae_shop_stone, supply_closet_lemuel, hangedman_decor_lopped,
          hangedman_glass_teeth
D:2:      layout_rooms, serial_shops, shop

Action                     |  1- 3 |  4- 6 || total
---------------------------+-------+-------++-------
  Melee: Hand axe          |    74 |     7 ||    81
         Punch             |     1 |       ||     1
  Throw: Boomerang         |       |     1 ||     1
   Cast: Scorch            |    10 |       ||    10
    Use: Potion            |     2 |     1 ||     3
         Scroll            |     2 |       ||     2
 Armour: Robe              |    11 |       ||    11
  Dodge: Dodged            |    49 |     3 ||    52
  Block: Buckler           |     4 |       ||     4
